AoeStats
← aDT_The Night Panda

African Clearing

506904572Analyzed
4v4 RM · 17d ago on Sep 15, 2026· 42m 58s· 8 players
Game mode
Random Map
Map size
Large (8 player)
Population
200
Speed
Normal
Resources
Standard
Victory
Conquest
Starting age
Dark Age
Ending age
Imperial Age
RankedLock teamsTeams togetherTeam positionsShared explorationLock speedFull tech treeHidden civsTurbo modeCheats
Victory
Defeat
🇹🇷 Khmer · Türkiye
1803
+12
🇹🇷 Vietnamese · Türkiye
1724
+16
🇹🇷 Bulgarians · Türkiye
1698
+17
🇸🇪 Hindustanis · Sweden
1607
+21
🇩🇰 Celts · Denmark
1787
-19
🇩🇰 Armenians · Denmark
1783
-19
🇩🇰 Portuguese · Denmark
1745
-18
🇩🇰 Poles · Denmark
1548
-10
FeelMySpike
7:29 Loom
9:45 Loom
12:36 Feudal Age
16:23 Castle Age
14:42 Double-Bit Axe
16:47 Scale Barding Armor
16:56 Forging
19:04 Horse Collar
27:14 Husbandry
27:49 Bloodlines
30:19 Gold Mining
30:57 Fletching
31:46 Wheelbarrow
32:07 Chain Barding Armor
34:14 Padded Archer Armor
34:04 Fletching
34:41 Town Watch
36:06 Hand Cart
38:39 Heavy Plow
43:26 Imperial Age
42:13 Iron Casting
-ZinedineZidane-
5:53 Loom
12:04 Feudal Age
12:47 Double-Bit Axe
14:05 Fletching
23:42 Horse Collar
29:03 Castle Age
30:03 Bow Saw
30:02 Heavy Plow
32:44 Wheelbarrow
35:06 Hand Cart
39:48 Imperial Age
37:15 Gold Mining
38:34 Bloodlines
38:25 Husbandry
39:09 Scale Barding Armor
39:31 Forging
40:44 Chain Barding Armor
41:01 Conscription
41:46 Plate Barding Armor
40:49 Heavy Camel Rider
42:49 Iron Casting
Raptiye Rap Rap
12:08 Feudal Age
15:46 Castle Age
13:44 Double-Bit Axe
14:03 Horse Collar
17:07 Heavy Plow
17:13 Town Watch
21:44 Loom
26:57 Bow Saw
34:20 Imperial Age
31:56 Squires
31:41 Arson
32:48 Wheelbarrow
32:26 Scale Mail Armor
33:25 Hand Cart
33:30 Chain Mail Armor
33:35 Forging
33:29 Gold Mining
33:30 Stone Mining
35:37 Plate Mail Armor
36:00 Iron Casting
36:23 Stone Shaft Mining
35:42 Capped Ram
35:54 Elite Fire Lancer
37:00 Paper Money
39:14 Fletching
39:38 Bodkin Arrow
41:51 Bracer
42:50 Guilds
43:10 Coinage
43:44 Two-Man Saw
43:23 Crop Rotation
Edelreiss
8:40 Loom
10:42 Feudal Age
11:17 Double-Bit Axe
11:59 Horse Collar
22:16 Castle Age
21:22 Bloodlines
21:55 Scale Barding Armor
22:20 Light Cavalry
23:13 Forging
35:47 Bow Saw
39:29 Wheelbarrow
38:58 Husbandry
39:20 Chain Barding Armor
39:48 Iron Casting
44:04 Imperial Age
41:50 Hand Cart
42:09 Stone Mining
42:09 Gold Mining
Young Carter
12:39 Feudal Age
13:24 Loom
16:36 Castle Age
16:29 Double-Bit Axe
16:36 Gold Mining
17:36 Bow Saw
23:09 Gold Mining
23:00 Horse Collar
27:58 Wheelbarrow
31:18 Stone Mining
33:52 Hand Cart
38:11 Imperial Age
38:27 Town Watch
39:18 Stone Shaft Mining
38:45 Heavy Plow
39:16 Elite Organ Gun
41:13 Fletching
43:32 Conscription
DK | MadsKillz
7:42 Loom
11:16 Feudal Age
13:25 Double-Bit Axe
15:05 Forging
16:47 Scale Barding Armor
17:24 Bloodlines
22:38 Castle Age
20:55 Gold Mining
20:55 Horse Collar
23:30 Husbandry
23:52 Chain Barding Armor
22:53 Light Cavalry
23:39 Husbandry
24:23 Bow Saw
29:23 Heavy Plow
32:38 Wheelbarrow
33:03 Szlachta Privileges
36:19 Imperial Age
34:57 Szlachta Privileges
35:29 Fletching
36:05 Bodkin Arrow
36:31 Hand Cart
36:29 Cavalier
37:49 Scale Mail Armor
40:35 Chain Mail Armor
41:34 Stone Mining
43:53 Plate Mail Armor
DK | Mauseren
12:24 Loom
14:55 Feudal Age
16:35 Double-Bit Axe
19:23 Castle Age
21:47 Gold Mining
22:08 Bow Saw
22:14 Scale Mail Armor
22:24 Forging
23:35 Arson
38:49 Horse Collar
39:48 Wheelbarrow
40:53 Stronghold
aDT_The Night Panda
5:53 Loom
11:25 Feudal Age
12:24 Double-Bit Axe
13:26 Gold Mining
15:27 Fletching
16:22 Padded Archer Armor
17:52 Town Watch
19:56 Wheelbarrow
24:18 Castle Age
23:28 Gold Mining
24:22 Crossbowman
25:50 Bodkin Arrow
32:10 Horse Collar
34:00 Hand Cart
34:22 Heavy Plow
38:44 Stone Mining
42:40 Imperial Age
41:53 Leather Archer Armor
Connection lost

Rejoining the realm…

Still unreachable

The connection could not be restored.

Session expired

The server has moved on; the page needs a fresh start.